 Dungeon Crawl Stone Soup version 0.23.0-38-g208d714 (webtiles) character file.

Game seed: 14605833142120258546

62 Borgoz the Ruffian (level 4, -1/37 HPs)
             Began as a Ghoul Gladiator on Feb 27, 2019.
             Slain by a wight
             ... wielding a +0 hand axe
              (6 damage)
             ... on level 1 of the Dungeon.
             The game lasted 00:02:38 (1090 turns).

Borgoz the Ruffian (Ghoul Gladiator)                Turns: 1090, Time: 00:02:38

Health: -1/37      AC:  7    Str: 15 (17) XL:     4   Next: 8%
Magic:  3/3        EV: 11    Int:  4      God:
Gold:   72         SH:  0    Dex:  8 (10) Spells: 3/3 levels left

rFire    . . .     SeeInvis .     - Unarmed
rCold    + . .     Gourm    .   (no shield)
rNeg     + + +     Faith    .   g - +0 ring mail
rPois    ∞         Spirit   .   b - +0 helmet
rElec    .         Reflect  .   h - +0 cloak
rCorr    .         Harm     .   (no gloves)
MR       .....                  (no boots)
Stlth    ..........             (no amulet)
HPRegen  0.00/turn              (no ring)
MPRegen  0.08/turn              (no ring)

@: rotting
A: rotting body, claws 1, carnivore, cold resistance 1, negative energy
resistance 3, inhibited regeneration, torment resistance, unbreathing
a: no special abilities


You were on level 1 of the Dungeon.
You were not hungry.

You visited 1 branch of the dungeon, and saw 2 of its levels.

You collected 72 gold pieces.

Inventory:

Missiles
 c - 3 throwing nets (quivered)
Armour
 b - a +0 helmet (worn)
 g - a +0 ring mail (worn)
 h - a +0 cloak (worn)
Scrolls
 a - 2 scrolls of teleportation {unknown}
 i - a scroll of identify {unknown}
 j - a scroll of fog {unknown}
 k - a scroll of immolation {unknown}
 l - 2 scrolls of enchant armour {unknown}
Potions
 e - a potion of heal wounds {unknown}
Comestibles
 d - 3 rations
 f - 4 chunks of flesh


   Skills:
 + Level 2.9 Fighting
 + Level 2.2 Throwing
 + Level 1.2 Armour
 + Level 3.1 Dodging
 + Level 3.7 Unarmed Combat


You had 3 spell levels left.
You didn't know any spells.
Your spell library was empty.

Dungeon Overview and Level Annotations

Branches:
Dungeon (2/15)

Altars:


Innate Abilities, Weirdness & Mutations

Your body is rotting away.
You thrive on raw meat.
You are immune to poison.
You have sharp fingernails.
You are carnivorous and can eat meat at any time.
Your flesh is cold resistant. (rC+)
You are immune to negative energy. (rN+++)
You do not regenerate when monsters are visible.
You are immune to unholy pain and torment.
You can survive without breathing.


Message History

The bat misses you. The bat closely misses you.
The bat hits you but does no damage. The bat barely misses you.
The bat hits you but does no damage. The bat hits you but does no damage.
The bat hits you but does no damage. The bat misses you.
The bat hits you but does no damage. The wight hits you with a +0 hand axe.
There is a stone staircase leading up here.
The wight hits you with a +0 hand axe.
The wight hits you from afar with a +0 halberd!
* * * LOW HITPOINT WARNING * * *
You climb upwards.
There is a stone staircase leading down here.
You completely miss the wight.
The wight is lightly damaged.
The wight hits you with a +0 hand axe.
You die...

#####............#.......#
#...#.##########.#.#####.#######
#...#.# #(#.# #......... #[..#.#
#.#.####....##### #...#.#
######......'....+.... ##...#.#
#...##...####....#####
.......#####...##...# #....#
.......##........z..# #....#
.......##.......@.######....#####
##......#.........##......##.....
........#.........##......##.###.
.....)..#.................##...#.
........#.............)...'....#'
........###...............#......
........'.'...............#......
........###..............##......
........# #..............##......


You could see a wight.

Vanquished Creatures
  2 adders (D:2)
  A leopard gecko (D:1)
  A ball python (D:1)
  7 bats (D:1)
  A giant cockroach (D:1)
  9 goblins
  5 hobgoblins
  5 frilled lizards
  3 kobolds (D:1)
  6 rats
  A fungus (D:1)
41 creatures vanquished.

Notes
Turn   | Place    | Note
-------+----------+-------------------------------------------
     0 | D:1      | Borgoz the Ghoul Gladiator began the quest for the Orb.
     0 | D:1      | Reached XP level 1. HP: 17/17 MP: 0/0
   225 | D:1      | Reached XP level 2. HP: 24/25 MP: 1/1
   515 | D:1      | Reached XP level 3. HP: 30/30 MP: 2/2
   894 | D:2      | Reached skill level 1 in Armour
  1008 | D:2      | Reached XP level 4. HP: 27/37 MP: 3/3
  1090 | D:1      | Slain by a wight

Skill      XL: |  1  2  3 |
---------------+----------+-----
Throwing       | 2 |  2.2
Dodging        | 3 |  3.1
Armour         | 1 |  1.2
Fighting       | |  2.9
Unarmed Combat | |  3.7

Action                   |  1- 3 |  4- 6 || total
-------------------------+-------+-------++-------
Melee: Unarmed           |   128 |    18 ||   146
       Punch             |     1 |       ||     1
  Use: Scroll            |     1 |       ||     1
       Potion            |     2 |       ||     2
  Eat: Chunk             |     4 |     2 ||     6
Armor: Leather armour    |    14 |       ||    14
       Ring mail         |    35 |     8 ||    43
Dodge: Dodged            |    75 |    17 ||    92
